HSSL
JACKSON HS SWAMP BATS @ MARIS SCHOOL
04/25/2027
 
TOP OF THE 1ST
Jackson HS Swamp Bats batting - Pitching for Maris School : RHP Steve Harrison
Pitching: RHP Steve Harrison
Batting: LHB Brad Fuller 0-0: Foul Ball, location: 2F
0-1: Fly out, F7 (Flyball, 7LMF)
Now in LF: Zane Heath
Batting: RHB Ron Frost 0-0: Called Strike
0-1: Called Strike
0-2: Ball
1-2: Foul Ball, location: 2F
1-2: SINGLE (Line Drive, 56D)
Batting: RHB Julián García 0-0: Called Strike
0-1: Called Strike
0-2: SINGLE (Groundball, 56D)
Ron Frost to second
Batting: LHB Carlos Anaya 0-0: Foul Ball, location: 2F
0-1: Ball
1-1: Swinging Strike
1-2: Ball
2-2: Foul Ball, location: 2F
2-2: Strikes out swinging
Batting: RHB Anthony O'Bryan 0-0: Called Strike
0-1: Ball
1-1: Swinging Strike
1-2: Strikes out swinging
Top of the 1st over - 0 run(s), 2 hit(s), 0 error(s), 2 left on base; Jackson HS 0 - Maris School 0
BOTTOM OF THE 1ST
Maris School batting - Pitching for Jackson HS Swamp Bats : RHP Jack Bowden
Pitching: RHP Jack Bowden
Batting: RHB Bruce Adams 0-0: Called Strike
0-1: Foul Ball, location: 2F
0-2: Ball
1-2: Foul Ball, location: 2F
1-2: Ball
2-2: Ball
3-2: Base on Balls
Batting: LHB Stan Miller 0-0: Ball
1-0: Fly out, F8 (Flyball, 8LD)
Batting: RHB Zane Heath 0-0: Ball
1-0: Called Strike
Bruce Adams steals 2nd base
1-1: Ground out 6-3 (Groundball, 6)
Bruce Adams to third
Batting: SHB Jacob Lachance 0-0: Ball
1-0: Fly out, F6 (Popup, 6D)
Bottom of the 1st over - 0 run(s), 0 hit(s), 0 error(s), 1 left on base; Jackson HS 0 - Maris School 0
TOP OF THE 2ND
Jackson HS Swamp Bats batting - Pitching for Maris School : RHP Steve Harrison
Batting: RHB Kevin Wilson 0-0: Ball
1-0: Called Strike
1-1: SINGLE (Flyball, 9LM)
Batting: RHB Brendon Bachman 0-0: Ball
1-0: Foul Ball, location: 2F
1-1: Fly out, F2 (Popup, 23)
Batting: RHB Brandon Davis 0-0: Ball
1-0: Foul Ball, location: 2F
1-1: Swinging Strike
1-2: Foul Ball, location: 2F
1-2: SINGLE (Groundball, 34D)
Kevin Wilson to second
Runner from 2nd tries for 3rd, SAFE, throw made to third
Batting: RHB Dan Crowder 0-0: Ball
1-0: Foul Ball, location: 2F
1-1: Ball
2-1: Ball
3-1: Foul Ball, location: 2F
3-2: Strikes out swinging
Batting: LHB Brad Fuller 0-0: Called Strike
0-1: Foul Ball, location: 2F
0-2: SINGLE (Groundball, 6MD)
Kevin Wilson scores
Brandon Davis to second
Batting: RHB Ron Frost 0-0: SINGLE (Groundball, 6MD)
Brandon Davis to third
Brad Fuller to second
Runner from 3rd tries for Home, SAFE, no throw
Batting: RHB Julián García 0-0: Ball
1-0: Called Strike
1-1: Ball
2-1: Ball
3-1: Base on Balls
Brad Fuller to third
Ron Frost to second
Batting: LHB Carlos Anaya 0-0: Ball
1-0: Called Strike
1-1: Ball
2-1: Foul Ball, location: 2F
2-2: Ball
3-2: Fly out, F6 (Flyball, 6D)
Top of the 2nd over - 2 run(s), 4 hit(s), 0 error(s), 3 left on base; Jackson HS 2 - Maris School 0
BOTTOM OF THE 2ND
Maris School batting - Pitching for Jackson HS Swamp Bats : RHP Jack Bowden
Batting: LHB Ryan Martin 0-0: Ball
1-0: Fly out, F9 (Flyball, 9LS)
Batting: RHB Stephen Welshman 0-0: Ground out 5-3 (Groundball, 56S)
Batting: RHB Doug Carter 0-0: Ball
1-0: Fly out, F6 (Line Drive, 6M)
Bottom of the 2nd over - 0 run(s), 0 hit(s), 0 error(s), 0 left on base; Jackson HS 2 - Maris School 0
TOP OF THE 3RD
Jackson HS Swamp Bats batting - Pitching for Maris School : RHP Steve Harrison
Batting: RHB Anthony O'Bryan 0-0: Ground out 5-3 (Groundball, 56)
Batting: RHB Kevin Wilson 0-0: Ball
1-0: Ball
2-0: SINGLE (Groundball, 6MD)
Batting: RHB Brendon Bachman 0-0: SINGLE (Groundball, 4MD)
Kevin Wilson to second
Runner from 2nd tries for 3rd, SAFE, no throw
Batting: RHB Brandon Davis 0-0: Ball
1-0: Fly out, F8 (Line Drive, 8LM)
Batting: RHB Dan Crowder 0-0: Fielders Choice at 2nd, 6-4 (Groundball, 6)
Top of the 3rd over - 0 run(s), 2 hit(s), 0 error(s), 1 left on base; Jackson HS 2 - Maris School 0
BOTTOM OF THE 3RD
Maris School batting - Pitching for Jackson HS Swamp Bats : RHP Jack Bowden
Batting: SHB Pedro Villalobos 0-0: Bunt missed!
0-1: Ball
1-1: Ground out 1-3 (Groundball, P)
Batting: LHB Dustin Wesman 0-0: Called Strike
0-1: Ball
1-1: SINGLE (Groundball, 34D)
Batting: RHB Bruce Adams 0-0: Called Strike
0-1: Grounds into double play, 4-6-3 (Groundball, 4)
Bottom of the 3rd over - 0 run(s), 1 hit(s), 0 error(s), 0 left on base; Jackson HS 2 - Maris School 0
TOP OF THE 4TH
Jackson HS Swamp Bats batting - Pitching for Maris School : RHP Steve Harrison
Batting: LHB Brad Fuller 0-0: Ball
1-0: DOUBLE (Line Drive, 7LS)
Batting: RHB Ron Frost 0-0: Foul Ball, location: 2F
0-1: Ball
1-1: Foul Ball, location: 2F
1-2: Strikes out swinging
Batting: RHB Julián García 0-0: Ball
1-0: Ball
2-0: Ball
3-0: Called Strike
3-1: Fly out, F7 (Line Drive, 7)
Batting: LHB Carlos Anaya 0-0: Ball
1-0: Foul Ball, location: 2F
1-1: Ball
2-1: Ground out 6-3 (Groundball, 6S)
Top of the 4th over - 0 run(s), 1 hit(s), 0 error(s), 1 left on base; Jackson HS 2 - Maris School 0
BOTTOM OF THE 4TH
Maris School batting - Pitching for Jackson HS Swamp Bats : RHP Jack Bowden
Batting: LHB Stan Miller 0-0: Ball
1-0: Ball
2-0: SOLO HOME RUN (Flyball, 89XD), Distance : 439 ft
Batting: RHB Zane Heath 0-0: Ball
1-0: Foul Ball, location: 2F
1-1: Ball
2-1: Ball
3-1: Base on Balls
Batting: SHB Jacob Lachance 0-0: Swinging Strike
0-1: Ball
1-1: Swinging Strike
1-2: Strikes out swinging
Batting: LHB Ryan Martin 0-0: Called Strike
0-1: Ball
1-1: Foul Ball, location: 2F
1-2: Foul Ball, location: 2F
1-2: Fielders Choice at 2nd, 4-6 (Groundball, 4)
Batting: RHB Stephen Welshman 0-0: Called Strike
0-1: Ball
1-1: Ball
2-1: Ball
3-1: Base on Balls
Ryan Martin to second
Batting: RHB Doug Carter 0-0: Fly out, F7 (Flyball, 7)
Bottom of the 4th over - 1 run(s), 1 hit(s), 0 error(s), 2 left on base; Jackson HS 2 - Maris School 1
TOP OF THE 5TH
Jackson HS Swamp Bats batting - Pitching for Maris School : RHP Steve Harrison
Batting: RHB Anthony O'Bryan 0-0: Ball
1-0: Ball
2-0: Called Strike
2-1: Foul Ball, location: 2F
2-2: SINGLE (Groundball, 56D)
Pitching: RHP Paul Burns
Batting: RHB Kevin Wilson 0-0: Ball
1-0: Called Strike
1-1: Ball
2-1: Swinging Strike
2-2: Strikes out swinging
Batting: RHB Brendon Bachman 0-0: Ball
1-0: Called Strike
1-1: Swinging Strike
1-2: Ball
2-2: Foul Ball, location: 2F
2-2: Strikes out looking
Batting: RHB Brandon Davis 0-0: Ball
1-0: Ball
2-0: Ball
3-0: Called Strike
3-1: Base on Balls
Anthony O'Bryan to second
Batting: RHB Dan Crowder 0-0: DOUBLE (Line Drive, 7LM)
Anthony O'Bryan scores
Brandon Davis to third
Batting: LHB Brad Fuller 0-0: Ball
1-0: Ball
2-0: Called Strike
2-1: Ball
3-1: Ground out 6-3 (Groundball, 6)
Top of the 5th over - 1 run(s), 2 hit(s), 0 error(s), 2 left on base; Jackson HS 3 - Maris School 1
BOTTOM OF THE 5TH
Maris School batting - Pitching for Jackson HS Swamp Bats : RHP Jack Bowden
Batting: SHB Pedro Villalobos 0-0: Ground out 4-3 (Groundball, 4)
Batting: LHB Dustin Wesman 0-0: Ball
1-0: Called Strike
1-1: Ball
2-1: Ball
3-1: Base on Balls
Batting: RHB Bruce Adams 0-0: Called Strike
0-1: Ball
1-1: SINGLE (Line Drive, 6D)
Dustin Wesman to second
Batting: LHB Stan Miller 0-0: Fielders Choice at 2nd, 4-6 (Groundball, 34)
Dustin Wesman to third
Batting: RHB Zane Heath 0-0: Called Strike
0-1: Ball
1-1: Called Strike
1-2: Strikes out looking
Bottom of the 5th over - 0 run(s), 1 hit(s), 0 error(s), 2 left on base; Jackson HS 3 - Maris School 1
TOP OF THE 6TH
Jackson HS Swamp Bats batting - Pitching for Maris School : RHP Paul Burns
Batting: RHB Ron Frost 0-0: Ball
1-0: Foul Ball, location: 2F
1-1: Ground out 6-3 (Groundball, 6)
Batting: RHB Julián García 0-0: Foul Ball, location: 2F
0-1: Ball
1-1: Ball
2-1: Called Strike
2-2: Strikes out swinging
Batting: LHB Carlos Anaya 0-0: Ball
1-0: Ball
2-0: Foul Ball, location: 2F
2-1: Ground out 4-3 (Groundball, 4)
Top of the 6th over - 0 run(s), 0 hit(s), 0 error(s), 0 left on base; Jackson HS 3 - Maris School 1
BOTTOM OF THE 6TH
Maris School batting - Pitching for Jackson HS Swamp Bats : RHP Jack Bowden
Batting: SHB Jacob Lachance 0-0: Ball
1-0: Foul Ball, location: 2F
1-1: Swinging Strike
1-2: Ball
2-2: Foul Ball, location: 2F
2-2: Foul Ball, location: 2F
2-2: Ball
3-2: Foul Ball, location: 2F
3-2: Foul Ball, location: 2F
3-2: SINGLE (Line Drive, 56D)
Batting: LHB Ryan Martin 0-0: Fly out, F8 (Flyball, 8RM)
Batting: RHB Stephen Welshman 0-0: Grounds into double play, 5-4-3 (Groundball, 56)
Bottom of the 6th over - 0 run(s), 1 hit(s), 0 error(s), 0 left on base; Jackson HS 3 - Maris School 1
TOP OF THE 7TH
Jackson HS Swamp Bats batting - Pitching for Maris School : RHP Paul Burns
Batting: RHB Anthony O'Bryan 0-0: Called Strike
0-1: Foul Ball, location: 2F
0-2: Strikes out swinging
Batting: RHB Kevin Wilson 0-0: Swinging Strike
0-1: Swinging Strike
0-2: Foul Ball, location: 2F
0-2: Ball
1-2: Ball
2-2: Strikes out swinging
Batting: RHB Brendon Bachman 0-0: Ball
1-0: Ground out 1-3 (Groundball, 13S)
Top of the 7th over - 0 run(s), 0 hit(s), 0 error(s), 0 left on base; Jackson HS 3 - Maris School 1
BOTTOM OF THE 7TH
Maris School batting - Pitching for Jackson HS Swamp Bats : RHP Jack Bowden
Batting: RHB Doug Carter 0-0: Ball
1-0: Called Strike
1-1: Foul Ball, location: 2F
1-2: SINGLE (Groundball, 6D)
Pitching: RHP Tom Taylor
Batting: SHB Pedro Villalobos 0-0: Ball
Wild Pitch!
Doug Carter to second
1-0: Ground out 4-3 (Groundball, 4)
Doug Carter to third
Batting: LHB Dustin Wesman 0-0: Foul Ball, location: 2F
0-1: Ball
1-1: Ball
2-1: Foul Ball, location: 2F
2-2: Ball
3-2: Foul Ball, location: 2F
3-2: Base on Balls
Batting: RHB Bruce Adams 0-0: Ball
1-0: Ball
2-0: Ball
3-0: Called Strike
3-1: Base on Balls
Dustin Wesman to second
Batting: LHB Stan Miller 0-0: Swinging Strike
0-1: Foul Ball, location: 2F
0-2: Strikes out swinging
Batting: RHB Zane Heath 0-0: SINGLE (Groundball, 56D)
Doug Carter scores
Dustin Wesman to third
Bruce Adams to second
Runner from 3rd tries for Home, SAFE, no throw
Batting: SHB Jacob Lachance 0-0: Ball
1-0: Ball
2-0: Ball
3-0: Base on Balls
Bruce Adams to third
Zane Heath to second
Batting: LHB Ryan Martin 0-0: Ball
Wild Pitch!
Bruce Adams scores
Zane Heath to third
Jacob Lachance to second
1-0: Intentional Walk
Pitching: LHP Jeff Holman
Batting: RHB Stephen Welshman 0-0: Called Strike
0-1: Called Strike
0-2: SINGLE (Groundball, 6MD)
Zane Heath scores
Jacob Lachance to third
Ryan Martin to second
Runner from 3rd tries for Home, SAFE, throw made home
Batting: RHB Doug Carter 0-0: Ball
1-0: Foul Ball, location: 2F
1-1: Ball
2-1: Swinging Strike
2-2: Foul Ball, location: 2F
2-2: Fly out, F8 (Flyball, 8RS)
Bottom of the 7th over - 5 run(s), 3 hit(s), 0 error(s), 2 left on base; Jackson HS 3 - Maris School 6
TOP OF THE 8TH
Jackson HS Swamp Bats batting - Pitching for Maris School : RHP Paul Burns
Batting: RHB Brandon Davis 0-0: Ball
1-0: Called Strike
1-1: Swinging Strike
1-2: Fly out, F9 (Flyball, 89D)
Batting: RHB Dan Crowder 0-0: Ground out 4-3 (Groundball, 4S)
Batting: LHB Brad Fuller 0-0: Ball
1-0: Called Strike
1-1: Foul Ball, location: 2F
1-2: Foul Ball, location: 2F
1-2: Foul Ball, location: 2F
1-2: Ball
2-2: Ball
3-2: Foul Ball, location: 2F
3-2: SINGLE (Line Drive, 6MD)
Pitching: LHP Kyle Thompson
Batting: RHB Ron Frost 0-0: Ball
1-0: Ball
2-0: Foul Ball, location: 2F
2-1: Swinging Strike
2-2: Strikes out swinging
Top of the 8th over - 0 run(s), 1 hit(s), 0 error(s), 1 left on base; Jackson HS 3 - Maris School 6
BOTTOM OF THE 8TH
Maris School batting - Pitching for Jackson HS Swamp Bats : LHP Jeff Holman
Batting: SHB Pedro Villalobos 0-0: Ball
1-0: Swinging Strike
1-1: Ball
2-1: Foul Ball, location: 2F
2-2: Foul Ball, location: 2F
2-2: Foul Ball, location: 2F
2-2: Strikes out swinging
Batting: LHB Dustin Wesman 0-0: Ball
1-0: Ball
2-0: SINGLE (Groundball, 4MD)
Batting: RHB Bruce Adams 0-0: Foul Ball, location: 2F
0-1: Swinging Strike
0-2: Ball
1-2: Strikes out swinging
Batting: LHB Stan Miller 0-0: Called Strike
0-1: Ball
1-1: Ball
Pickoff Throw to First - Out!
Bottom of the 8th over - 0 run(s), 1 hit(s), 0 error(s), 0 left on base; Jackson HS 3 - Maris School 6
TOP OF THE 9TH
Jackson HS Swamp Bats batting - Pitching for Maris School : LHP Kyle Thompson
Pitching: RHP Rafael Sierra
Batting: RHB Julián García 0-0: Called Strike
0-1: Called Strike
0-2: Ball
1-2: Strikes out swinging
Batting: LHB Carlos Anaya 0-0: Swinging Strike
0-1: Ball
1-1: SOLO HOME RUN (Flyball, 9LD), Distance : 347 ft
Batting: RHB Anthony O'Bryan 0-0: Ball
1-0: Foul Ball, location: 2F
1-1: Ball
2-1: Ball
3-1: Foul Ball, location: 2F
3-2: Base on Balls
Batting: RHB Kevin Wilson 0-0: Swinging Strike
0-1: Ball
Error on foul ball, E5
1-2: Ball
2-2: Strikes out looking
Pinch Hitting: LHB Joe Davis 0-0: SINGLE (Line Drive, 4D)
Anthony O'Bryan to second
Throwing error, E9
Anthony O'Bryan scores
Joe Davis to second
Batting: RHB Brandon Davis 0-0: Swinging Strike
0-1: Ball
1-1: Fly out, F8 (Flyball, 8LD)
Top of the 9th over - 2 run(s), 2 hit(s), 2 error(s), 1 left on base; Jackson HS 5 - Maris School 6
Thursday, March 30th, 2017 - OOTP Baseball 17.12 Build 75